 Dungeon Crawl Stone Soup version 0.18-a0-1195-g77a4f03 (webtiles) character file.

214 Chiseanne the Skirmisher (level 5, -1/45 HPs)
             Began as a Centaur Air Elementalist on Jan 29, 2016.
             Was an Initiate of Gozag.
             Slain by an ogre
             ... wielding a +0 giant club
              (13 damage)
             ... on level 5 of the Dungeon.
             The game lasted 00:06:45 (3994 turns).

Chiseanne the Skirmisher (Centaur Air Elementalist) Turns: 3994, Time: 00:06:45

Health: -1/45      AC: 14    Str: 11      XL:     5   Next: 59%
Magic:  7/7        EV:  1    Int: 15      God:    Gozag
Gold:   282        SH: 14    Dex:  8 (9)  Spells: 1 memorised, 6 levels left

rFire  . . .     SeeInvis .     r - +0 flail (protect)
rCold  . . .     Gourm    .     n - +0 chain mail
rNeg   . . .     Faith    .     j - +3 large shield
rPois  .         Spirit   .     (no helmet)
rElec  .         Dismiss  .     i - +0 cloak
rCorr  .         Reflect  .     q - +0 pair of gloves
SustAt .         Harm     .     (no barding)
MR     .....                    (no amulet)
Stlth  ..........               (no ring)
                                f - +3 ring of evasion

@: very quick, not resistant to hostile enchantments, extremely unstealthy
A: hooves 3, deformed body, speed 2, tough skin 3
a: Potion Petition, Call Merchant, Bribe Branch, Renounce Religion


You were on level 5 of the Dungeon.
You worshipped Gozag.
Gozag was noncommittal.
You were not hungry.

You visited 2 branches of the dungeon, and saw 6 of its levels.

You collected 313 gold pieces.
You paid 31 gold pieces to Gozag.

Inventory:

Hand Weapons
 e - a +0 war axe
 r - a +0 flail of protection (weapon)
Missiles
 a - 16 arrows
 d - 62 sling bullets
 k - 3 needles of frenzy
 m - 5 needles of confusion
 s - 13 bolts
 t - 17 poisoned needles
Armour
 i - a +0 cloak (worn)
 j - a +3 large shield (worn)
 n - a +0 chain mail (worn)
 q - a +0 pair of gloves (worn)
Jewellery
 f - a +3 ring of evasion (left hand)
Potions
 g - a potion of brilliance {unknown}
 l - 2 potions of heal wounds {unknown}
 o - 4 potions of curing
 p - a potion of magic {unknown}
 v - a potion of cure mutation {unknown}
Books
 b - a book of Air

   Spells                             Type                      Level
   a - Shock                          Conjuration/Air              1
   b - Swiftness                      Charms/Air                   2
   c - Repel Missiles                 Charms/Air                   2
   d - Static Discharge               Conjuration/Air              3
   e - Lightning Bolt                 Conjuration/Air              5
Comestibles
 c - 3 bread rations


   Skills:
 + Level 3.1 Fighting
 * Level 1.8 Armour
 - Level 1.3 Dodging
 - Level 1.2 Stealth
 * Level 2.3 Shields
 - Level 1.5 Spellcasting
 - Level 0.8 Conjurations
 - Level 2.6 Air Magic


You had 6 spell levels left.
You knew the following spells:

 Your Spells              Type           Power        Failure   Level  Hunger
a - Shock                 Conj/Air       #...         100%        1    ##.....


Dungeon Overview and Level Annotations

Branches:
Dungeon (5/15)             Temple (1/1) D:5

Altars:
Dithmenos
Elyvilon
Fedhas
Gozag
Nemelex Xobeh
Okawaru
Qazlal
Sif Muna
Trog
Vehumet
Zin


Innate Abilities, Weirdness & Mutations

You have hooves in place of feet.
Armour fits poorly on your strangely shaped body.
You cover ground very quickly.
You have extremely tough skin (AC +3).


Message History

You sock the ogre!
The ogre is heavily wounded.
The ogre hits you with a giant club!!
You hit the ogre.
The ogre is severely wounded.
You block the ogre's attack.
Your shield prevents you from hitting the ogre.
The ogre is severely wounded.
You block the ogre's attack.
Your shield prevents you from hitting the ogre.
You kick the ogre.
The ogre is almost dead.
The ogre hits you with a giant club!
* * * LOW HITPOINT WARNING * * *
You block the ogre's attack.
You hit the ogre but do no damage.
The ogre is almost dead.
The ogre hits you with a giant club!
You die...
Your body crumbles into a pile of gold.

####....................
#...................#
#........#######....#
###...........# #....#
#.............# #....#
#.#...........####....#
#.#....)..>...=........
#.#...........####...##
#.#...@.......##.......
#.#...O.......##.######
#.............##.# #
####..........##<# #
#..........#########
###.##.............. #.#
######........ #..
.......... ..........


You could see an ogre.

Vanquished Creatures
  A phantom (D:5)
  A quasit (D:3)
  2 adders (D:2)
  An adder zombie (D:5)
  An ooze (D:2)
  A giant gecko (D:5)
  9 orcs (D:5)
  5 bats
  4 giant cockroaches
  6 goblins
  6 hobgoblins
  6 kobolds
  A quokka (D:3)
  A ball python (D:1)
  4 giant newts
  10 rats
59 creatures vanquished.

Vanquished Creatures (others)
  A goblin (D:1)
1 creature vanquished.

Grand Total: 60 creatures vanquished

Notes
Turn   | Place    | Note
--------------------------------------------------------------
     0 | D:1      | Chiseanne the Centaur Air Elementalist began the quest for the Orb.
     0 | D:1      | Reached XP level 1. HP: 14/14 MP: 3/3
   268 | D:1      | Reached skill level 1 in Fighting
   522 | D:1      | Reached XP level 2. HP: 22/24 MP: 4/4
  1380 | D:2      | Reached XP level 3. HP: 9/30 MP: 5/5
  1733 | D:2      | Reached skill level 1 in Shields
  1979 | D:2      | Found an opulent altar of Gozag.
  1986 | D:2      | Became a worshipper of Gozag Ym Sagoz the Greedy
  2673 | D:3      | Reached skill level 1 in Armour
  2673 | D:3      | Reached XP level 4. HP: 20/37 MP: 6/6
  2950 | D:3      | You fall through a shaft!
  2961 | D:5      | Entered Level 5 of the Dungeon
  3049 | D:5      | Found a staircase to the Ecumenical Temple.
  3075 | D:5      | Found a glowing silver altar of Zin.
  3075 | D:5      | Noticed an angel
  3103 | Temple   | Entered the Ecumenical Temple
  3227 | D:5      | Noticed a phantom
  3656 | D:5      | Killed a phantom
  3656 | D:5      | Reached skill level 3 in Fighting
  3656 | D:5      | Reached XP level 5. HP: 22/45 MP: 7/7
  3980 | D:5      | Noticed an ogre
  3994 | D:5      | Slain by an ogre

Vault maps used:
D:1:      minmay_arrival_semitransparent, st_stairs_7, glass_columns_b,
          hangedman_decor_slide_cut, lemuel_old_faithful
D:2:      first_bread, nicolae_gozag_cash_rules_everything_around_me
D:3:      wad_pebble_path
D:4:      gammafunk_temple_overflow_statue, lemuel_angel_altar
D:5:      zin_angel, minmay_temple_entry_enclosed_plants
Temple:   water_room_temple_a_12

Action                   |  1- 3 |  4- 6 || total
-------------------------+-------+-------++-------
Melee: Dagger            |    89 |       ||    89
       Hand axe          |    90 |       ||    90
       Flail             |    42 |   190 ||   232
 Cast: Shock             |     3 |       ||     3
  Use: Scroll            |     6 |     4 ||    10
  Eat: Chunk             |     3 |       ||     3
       Bread ration      |     1 |     1 ||     2
